 Dungeon Crawl Stone Soup version 0.20-a0-522-g0b37eee (webtiles) character file.

59926 MirrMurr the Impaler (level 14, -6/94 HPs)
             Began as a Tengu Berserker on Jan 24, 2017.
             Was the Champion of Trog.
             Killed from afar by Vesto's ghost (38 damage)
             ... with an orb of energy
             ... on level 2 of the Orcish Mines on Jan 25, 2017.
             The game lasted 00:52:31 (21674 turns).

MirrMurr the Impaler (Tengu Berserker)             Turns: 21674, Time: 00:52:31

Health: -6/94      AC: 25    Str: 23    XL:     14   Next: 97%
Magic:  15/15      EV:  9    Int:  8    God:    Trog [******]
Gold:   1713       SH: 12    Dex: 24    Spells: 13/13 levels left

rFire    . . .     SeeInvis .   a - +2 trident (venom)
rCold    + . .     Gourm    .   v - +0 crystal plate armour
rNeg     + . .     Faith    .   K - +0 buckler {rN+}
rPois    .         Spirit   .   (helmet restricted)
rElec    .         Reflect  +   y - +0 cloak
rCorr    .         Harm     .   l - +0 pair of gloves
MR       ++...                  (boots unavailable)
Stlth    ..........             O - amulet of Midnight {Reflect rC+ MR+ Dex+9 SH+5 Stlth-}
Regen    0.3/turn               (no ring)
                                F - +2 ring of strength

@: exhausted, flying quickly and evasively, very slightly contaminated, slowed,
very slow
A: beak, talons 3, able to fly 2
a: Stop Flying, Berserk, Trog's Hand, Brothers in Arms, Burn Spellbooks,
Renounce Religion


You were on level 2 of the Orcish Mines.
You worshipped Trog.
Trog was exalted by your worship.
You were near starving.

You visited 4 branches of the dungeon, and saw 20 of its levels.
You also visited: Ossuary.

You collected 1955 gold pieces.
You spent 242 gold pieces at shops.

Inventory:

Hand Weapons
 a - a +2 trident of venom (weapon)
 b - a +0 blowgun
 m - a +1 spear
Missiles
 k - 27 javelins (quivered)
 o - 48 poisoned needles
 L - a throwing net
Armour
 l - a +0 pair of gloves (worn)
 v - a +0 crystal plate armour (worn)
 y - a +0 cloak (worn)
 K - a +0 buckler of positive energy (worn)
Jewellery
 F - a +2 ring of strength (left hand)
 O - the amulet of Midnight (around neck) {Reflect rC+ MR+ Dex+9 SH+5 Stlth-}
   (You found it on level 6 of the Lair of Beasts)

   [amulet of reflection]

   It shields you and reflects attacks.
   It affects your dexterity (+9).
   It protects you from cold.
   It affects your resistance to hostile enchantments.
   It affects your SH (+5).
   It makes you less stealthy.
Wands
 j - a wand of paralysis (12/24)
 x - a wand of lightning (9/15)
 D - a wand of lightning (9/15)
 E - a wand of random effects (21/48)
 H - a wand of iceblast (2/15)
 J - a wand of flame (22/48)
Scrolls
 g - 3 scrolls of enchant armour
 i - 5 scrolls of identify
 q - 4 scrolls of recharging
 r - 7 scrolls of remove curse
 w - a scroll of magic mapping
 A - 3 scrolls of enchant weapon
 I - 4 scrolls of teleportation
 M - a scroll of fog
Potions
 d - a potion of might
 e - 2 potions of cancellation
 h - 9 potions of curing
 s - 6 potions of flight
 t - a potion of agility
 z - 3 potions of haste
 G - a potion of cure mutation
 N - 3 potions of invisibility
Comestibles
 c - 12 bread rations
 f - 9 meat rations
 n - 9 royal jellies
 p - 17 chunks of flesh
 B - 13 fruits


   Skills:
 * Level 13.3 Fighting
 + Level 17.3 Polearms
 + Level 13.4 Armour
 + Level 4.0 Dodging
 + Level 2.9 Stealth
 + Level 7.5 Shields


You had 13 spell levels left.
You didn't know any spells.

Dungeon Overview and Level Annotations

Branches:
Dungeon (11/15)            Temple (1/1) D:5            Lair (6/6) D:11
 Shoals (0/4) Lair:3       Spider (0/4) Lair:4        Slime (0/5) Lair:6
    Orc (2/2) D:10            Elf (0/3) Orc:2

Altars:
Ashenzari
Elyvilon
Kikubaaqudgha
Okawaru
Trog
Xom
Yredelemnul
The Shining One
Beogh
Jiyva

Shops:
D:8 (   D:9 }(?!

Portals:
Trove: D:11 (give +3 storm dragon scales)

Annotations:
D:6 Prince Ribbit
Orc:2 Vesto's ghost, journeyman MiFi


Innate Abilities, Weirdness & Mutations

You have a beak for a mouth.
You have claws for feet.
You can fly continuously.


Message History

You feel better.
The ogre shouts!
Vesto's ghost shouts, "Do you think the gods will protect you?"
Vesto's ghost hits you but does no damage.
Blink to where?
Press: ? - help, Dir - move target cursor, f - you
Okay, then.
Blink to where?
Press: ? - help, Dir - move target cursor You are very lightly contaminated with residual magic.
As you read the scroll of blinking, it crumbles to dust.
You feel the effects of Trog's Hand fading.
Vesto's ghost gestures at you while chanting.
The orb of energy reflects off an invisible shield around you!
The orb of energy hits Vesto's ghost.
Your skin stops crawling.
You feel less resistant to hostile enchantments.
Vesto's ghost casts a spell at you. The orb of energy hits you!
You die...

.### #......# ##........# #.#
#......###.........####..
#...............[.....##.##.
#....###........)##......#..
#..... ##.......).###.......
#..... ###.......######......
#....###.........#.##........
... ........................
.......@............##..
.......###.#W......###..
#....## #.#......## ##. #...
####...### ## ##. #...# #. #
.....######. ...#..W..##..
###........ #...$.....


You could see Vesto's ghost.

Vanquished Creatures
  Rupert (Lair:3)
  Nessos (Lair:4)
  A dire elephant (Lair:3)
  The ghost of Squibie the Carver, a journeyman DsGl of Ru (Lair:3)
  5 hydras
  2 two-headed ogres
  A death yak (D:10)
  Urug (Lair:2)
  Nergalle (D:11)
  An unseen horror (D:11)
  Pikel (D:4)
  2 orc knights
  The ghost of GordonOverkill the Schismatic, a novice DsAK of Lugonu (D:6)
  An ugly thing (D:10)
  An orc sorcerer (Orc:2)
  A manticore (D:11)
  4 cyclopes
  24 elephants
  4 black mambas
  12 spiny frogs
  A gargoyle (D:11)
  A torpor snail (Lair:3)
  A kobold demonologist (D:11)
  5 komodo dragons
  4 rime drakes
  2 polar bears (Lair:6)
  5 hornets
  Grinder (D:5)
  8 blink frogs (Lair:3)
  6 hippogriffs
  2 dream sheep (Lair:6)
  A redback (Lair:4)
  Sigmund (D:3)
  11 spriggans
  A vampire (D:10)
  A shadow (D:11)
  A human (D:7)
  33 yaks
  5 wyverns
  A basilisk (Lair:6)
  4 hogs (D:7)
  A hungry ghost (D:9)
  The ghost of vogonpoet the Grave Robber, an amateur DsNe (Ossuary)
  A warg (Orc:2)
  Edmund (D:5)
  7 water moccasins
  17 porcupines
  11 orc warriors
  3 ice beasts
  A slave (D:4)
  7 black bears
  A sky beast (D:9)
  A necrophage (D:9)
  3 phantoms
  7 ogres
  4 boggarts (Lair:6)
  6 centaurs
  25 wolves
  9 crocodiles
  A big kobold (D:10)
  2 elf zombies (Ossuary)
  18 bullfrogs
  A gnoll sergeant (D:8)
  3 scorpions
  24 killer bees
  8 howler monkeys
  An electric eel (D:10)
  A bullfrog zombie (D:9)
  5 hounds
  2 jellies
  13 orc priests
  A bullfrog skeleton (D:5)
  2 centaur zombies
  14 orc wizards
  Jessica (D:3)
  4 iguanas
  Ijyb (D:3)
  Terence (D:3)
  Natasha (thrice) (D:3)
  7 worker ants
  A big kobold zombie (Ossuary)
  4 mummies
  4 hound zombies (Ossuary)
  2 worker ant zombies
  9 gnolls
  A howler monkey skeleton (D:6)
  9 adders
  8 shadow imps
  7 adder zombies
  2 adder skeletons
  2 dart slugs
  3 leopard geckos
  72 orcs
  9 bats
  3 giant cockroaches
  3 gnoll zombies
  11 goblins
  7 hobgoblins
  15 jackals
  5 quokkas
  6 frilled lizards
  2 goblin zombies (Ossuary)
  4 hobgoblin zombies (Ossuary)
  2 jackal zombies (Ossuary)
  14 kobolds
  4 kobold zombies (Ossuary)
  2 orc zombies (Ossuary)
  3 quokka zombies (Ossuary)
  6 rats
  4 rat zombies (Ossuary)
  A fungus (Lair:3)
605 creatures vanquished.

Vanquished Creatures (others)
  A slave (D:4)
  3 orc wizards (D:4)
  A worker ant (D:4)
  A worker ant zombie (D:4)
  3 orcs (D:4)
  78 fungi
  17 plants
104 creatures vanquished.

Grand Total: 709 creatures vanquished

Notes
Turn   | Place    | Note
-------+----------+-------------------------------------------
     0 | D:1      | MirrMurr the Tengu Berserker began the quest for the Orb.
     0 | D:1      | Reached XP level 1. HP: 14/14 MP: 2/2
   333 | D:1      | Reached XP level 2. HP: 19/19 MP: 3/3
   635 | D:1      | Reached XP level 3. HP: 20/23 MP: 4/4
   636 | D:1      | Reached ** piety under Trog
   639 | D:1      | Reached skill level 4 in Polearms
  1413 | D:3      | Noticed Natasha
  1416 | D:3      | Noticed Sigmund
  1423 | D:3      | Killed Natasha
  1423 | D:3      | Reached XP level 4. HP: 19/29 MP: 5/5
  1428 | D:3      | Killed Sigmund
  1428 | D:3      | Reached skill level 5 in Polearms
  1428 | D:3      | Reached skill level 1 in Stealth
  1428 | D:3      | Gained mutation: You can fly. [Tengu growth]
  1428 | D:3      | Reached XP level 5. HP: 14/33 MP: 6/6
  1428 | D:3      | Reached XP level 6. HP: 17/38 MP: 7/7
  1708 | D:3      | Noticed Terence
  1725 | D:3      | Killed Terence
  1725 | D:3      | Reached skill level 6 in Polearms
  1756 | D:3      | Noticed Natasha
  1766 | D:3      | Killed Natasha
  1804 | D:3      | Noticed Ijyb
  1823 | D:3      | Killed Ijyb
  2007 | D:3      | Noticed Jessica
  2012 | D:3      | Killed Jessica
  2192 | D:3      | Noticed Natasha
  2198 | D:3      | Killed Natasha
  2576 | D:4      | Noticed a slave
  2578 | D:4      | Noticed a slave
  2579 | D:4      | Noticed Pikel
  2600 | D:4      | Killed a slave
  2603 | D:4      | Noticed a slave
  2609 | D:4      | Killed Pikel
  2609 | D:4      | Reached skill level 8 in Polearms
  2609 | D:4      | Reached XP level 7. HP: 28/44 MP: 8/8
  2609 | D:4      | Reached XP level 8. HP: 30/48 MP: 9/9
  3005 | D:4      | Reached *** piety under Trog
  3199 | D:4      | Found a sand-covered staircase.
  3205 | Ossuary  | Entered an ossuary
  3292 | Ossuary  | Noticed vogonpoet's ghost (amateur DsNe)
  3321 | Ossuary  | Killed vogonpoet's ghost
  3321 | Ossuary  | Reached skill level 9 in Polearms
  3744 | Ossuary  | Reached **** piety under Trog
  3779 | Ossuary  | Reached skill level 5 in Fighting
  3862 | D:5      | Entered Level 5 of the Dungeon
  3944 | D:5      | Reached skill level 5 in Armour
  3961 | D:5      | Found a glowing golden altar of the Shining One.
  4032 | D:5      | Noticed Edmund
  4038 | D:5      | Killed Edmund
  4038 | D:5      | Reached skill level 10 in Polearms
  4038 | D:5      | Reached XP level 9. HP: 54/54 MP: 10/10
  4125 | D:5      | Found a staircase to the Ecumenical Temple.
  4131 | Temple   | Entered the Ecumenical Temple
  4151 | D:5      | Found an ancient bone altar of Kikubaaqudgha.
  4181 | D:5      | Noticed Grinder
  4187 | D:5      | Killed Grinder
  4793 | D:5      | Reached skill level 11 in Polearms
  4812 | D:6      | Found a shattered altar of Ashenzari.
  4814 | D:6      | Found a white marble altar of Elyvilon.
  4935 | D:6      | Noticed GordonOverkill's ghost (novice DsAK)
  4943 | D:6      | Killed GordonOverkill's ghost
  4943 | D:6      | Reached skill level 1 in Shields
  5002 | D:6      | Found a bloodstained altar of Trog.
  5399 | D:6      | Noticed Prince Ribbit
  6224 | D:7      | Found an iron altar of Okawaru.
  6312 | D:7      | Reached skill level 12 in Polearms
  6404 | D:7      | Reached XP level 10. HP: 45/60 MP: 11/11
  7025 | D:8      | Noticed a cyclops
  7051 | D:8      | Killed a cyclops
  7463 | D:8      | Found Alluywuj's Weapon Shoppe.
  7466 | D:8      | Bought a +2 trident of venom for 226 gold pieces
  7608 | D:8      | Reached skill level 13 in Polearms
  7758 | D:9      | Reached ***** piety under Trog
  8553 | D:9      | Found Fack's Weapon Shop.
  8621 | D:9      | Found Riggecuc's Magic Scroll Shop.
  8699 | D:9      | Found Rableyma's Distillery.
  8706 | D:9      | Bought a potion of degeneration for 16 gold pieces
  8803 | D:9      | Found a basalt altar of Yredelemnul.
  8913 | D:9      | Found Eghykler's Gadget Emporium.
  9179 | D:9      | Reached XP level 11. HP: 66/66 MP: 12/12
  9460 | D:10     | Entered Level 10 of the Dungeon
  9473 | D:10     | Found a staircase to the Orcish Mines.
  9547 | D:10     | Reached skill level 14 in Polearms
  9655 | D:10     | Noticed a death yak
 10293 | D:10     | Killed a death yak
 10954 | D:11     | Noticed a red ugly thing
 10954 | D:11     | Noticed a manticore
 10954 | D:11     | Noticed a cyclops
 10955 | D:11     | Upgraded the game from 0.20-a0-514-g839ffe0 to 0.20-a0-522-g0b37eee
 10959 | D:11     | Noticed an orc knight
 11026 | D:10     | Killed a red ugly thing
 11035 | D:10     | Killed an orc knight
 11157 | D:11     | Killed a manticore
 11157 | D:11     | Killed an unseen horror
 11162 | D:11     | Killed a cyclops
 11162 | D:11     | Reached skill level 15 in Polearms
 11476 | D:11     | Reached XP level 12. HP: 67/75 MP: 13/13
 12017 | D:11     | Found a staircase to the Lair.
 12038 | D:11     | Noticed a two-headed ogre
 12046 | D:11     | Killed a two-headed ogre
 12331 | D:11     | Noticed Nergalle
 12340 | D:11     | Killed Nergalle
 12340 | D:11     | Reached skill level 10 in Armour
 12559 | D:11     | Found a portal to a secret trove of treasure.
 12691 | Lair:1   | Entered Level 1 of the Lair of Beasts
 13813 | Lair:2   | Noticed a five-headed hydra
 13822 | Lair:2   | Killed a five-headed hydra
 14059 | Lair:2   | Noticed Urug
 14070 | Lair:2   | Killed Urug
 14304 | Lair:2   | Reached ****** piety under Trog
 14545 | Lair:2   | Received a gift from Trog
 14646 | Lair:3   | Reached skill level 16 in Polearms
 14704 | Lair:3   | Noticed Rupert
 14773 | Lair:2   | Noticed a seven-headed hydra
 14778 | Lair:2   | Killed a seven-headed hydra
 14778 | Lair:2   | Reached XP level 13. HP: 81/81 MP: 14/14
 14933 | Lair:3   | Noticed Squibie's ghost (journeyman DsGl)
 15143 | Lair:2   | Reached skill level 5 in Shields
 15374 | Lair:3   | Killed Squibie's ghost
 15374 | Lair:3   | Reached skill level 10 in Fighting
 15715 | Lair:3   | Found a staircase to the Shoals.
 15988 | Lair:3   | Noticed a dire elephant
 16035 | Lair:3   | Killed a dire elephant
 16519 | Lair:3   | Paralysed by Rupert for 3 turns
 16540 | Lair:3   | Killed Rupert
 17053 | Lair:4   | Noticed Nessos
 17068 | Lair:4   | HP: 4/84 [poisoned by Nessos]
 17089 | Lair:4   | Killed Nessos
 17700 | Lair:4   | Gained mutation: You can fly continuously. [Tengu growth]
 17700 | Lair:4   | Reached XP level 14. HP: 86/90 MP: 15/15
 17791 | Lair:4   | Found a hole to the Spider Nest.
 19128 | Lair:6   | Entered Level 6 of the Lair of Beasts
 19227 | Lair:6   | Reached skill level 17 in Polearms
 19911 | Lair:6   | Received a gift from Trog
 19931 | Lair:6   | Got a flickering bone amulet
 19933 | Lair:6   | Identified the amulet of Midnight {Reflect rC+ MR+ Dex+9 SH+5 Stlth-} (You found it on level 6 of the Lair of Beasts)
 20071 | Lair:6   | Found a shimmering altar of Xom.
 20111 | Lair:6   | Found a staircase to the Slime Pits.
 20113 | Lair:6   | Found a viscous altar of Jiyva.
 20661 | Orc:1    | Entered Level 1 of the Orcish Mines
 20677 | Orc:1    | Found a roughly hewn altar of Beogh.
 20922 | Orc:2    | Entered Level 2 of the Orcish Mines
 20996 | Orc:2    | Noticed Vesto's ghost (journeyman MiFi)
 21522 | Orc:2    | Found a staircase to the Elven Halls.
 21674 | Orc:2    | Killed from afar by Vesto's ghost

Vault maps used:
D:1:      eino_arrival_cavern_a, st_stairs_4, minmay_crystal_water
D:3:      first_bread, uniq_natasha, uniq_terence, uniq_jessica, uniq_sigmund,
          uniq_iyjb
D:4:      gup_ossuary_entry_pyramid, kennysheep_cross_room, uniq_pikel
D:5:      lemuel_round_altar, minmay_temple_entry_enclosed_plants,
          nicolae_tso_carved_into_rock, uniq_edmund, uniq_grinder
D:6:      bloody_trog, chequers_temple_overflow_statue_of_worship,
          uniq_crazy_yiuf_cottage, uniq_prince_ribbit1
D:7:      basic_altar, grunt_ministairs_9, grunt_livestock
D:8:      serial_shops, kennysheep_mini
D:9:      lemuel_zombie_altar_yredelemnul, special_room, serial_shops, shop,
          nicolae_shop_statue_plus, shop, nicolae_shop_window_shopping
D:10:     argonaut_augean_stables
D:11:     minmay_ambush_box, due_lair_maze_entry_diamond,
          trove_entry_hex_spiral, eino_jars, uniq_nergalle
Temple:   eino_temple_scatter_basement
Lair:2:   beast_lair_carwin_large_2, nicolae_quartered_pool_medium, uniq_urug
Lair:3:   mu_elephants_graveyard, minmay_shoals_entry_centaurs, uniq_rupert
Lair:4:   spider_nest_entry_a, st_stairs_5, grunt_megastairs_1, uniq_nessos
Lair:5:   grunt_megastairs_3, infiniplex_staircase_pool_2
Lair:6:   minmay_lair_end_enchanted_forest, slime_altar_1, basic_altar
Orc:1:    basic_altar, trog_butcher_becter, uniq_fannar
Orc:2:    st_orc_open
Ossuary:  minmay_ossuary_two_tombs

Skill      XL: |  1  2  3  4  5  6  7  8  9 10 11 12 13 14 |
---------------+-------------------------------------------+-----
Polearms       | 4 5 8 10 12 13 15 16 17 | 17.3
Fighting       | 4 5 6 8 9 11 13 | 13.3
Stealth        | 1 2 |  2.9
Armour         | 3 5 6 7 9 11 12 13 | 13.4
Dodging        | 3 4 |  4.0
Shields        | 1 2 3 4 6 7 |  7.5

Action                   |  1- 3 |  4- 6 |  7- 9 | 10-12 | 13-15 || total
-------------------------+-------+-------+-------+-------+-------++-------
Melee: Spear             |   104 |   111 |   551 |   129 |       ||   895
       Peck              |    15 |    10 |   110 |   207 |   311 ||   653
       Kick              |    24 |    24 |   169 |   302 |   444 ||   963
       Trident           |       |       |       |   767 |  1065 ||  1832
Invok: Berserk           |     1 |     4 |     7 |    15 |    10 ||    37
       Trog's Hand       |     1 |     2 |     6 |     9 |     8 ||    26
       Burn Spellbooks   |       |       |       |     2 |     1 ||     3
 Abil: Fly               |       |       |       |       |     1 ||     1
  Use: Scroll            |     8 |       |    10 |     6 |     7 ||    31
       Potion            |       |       |       |       |     7 ||     7
 Stab: Sleeping          |     4 |       |       |       |       ||     4
       Distracted        |     1 |       |     1 |       |       ||     2
       Invisible         |       |       |       |       |     3 ||     3
  Eat: Chunk             |     1 |     9 |    22 |    35 |    34 ||   101
       Bread ration      |       |       |       |     2 |       ||     2
Armor: Animal skin       |    17 |     1 |       |       |       ||    18
       Scale mail        |       |    17 |    87 |       |       ||   104
       Plate armour      |       |       |    16 |   110 |       ||   126
       Crystal plate arm |       |       |       |   287 |   482 ||   769
Dodge: Dodged            |    54 |    24 |   124 |   153 |   214 ||   569
Block: Buckler           |       |       |    31 |   108 |   278 ||   417
       Reflection        |       |       |       |       |     7 ||     7
